 Dungeon Crawl Stone Soup version 0.27-a0-577-ge2a43ba0c9 (webtiles) character file.

Game seed: 11890035767110418373

2 jasper the Vexing (level 1, 0/10 HPs)
             Began as a Deep Elf Enchanter on Mar 9, 2021.
             Slain by a jackal (3 damage)
             ... on level 2 of the Dungeon.
             The game lasted 00:00:42 (136 turns).

jasper the Vexing (Deep Elf Enchanter)               Turns: 136, Time: 00:00:42

Health: 0/10       AC:  2    Str:  5    XL:     1   Next: 25%
Magic:  5/6        EV: 12    Int: 19    God:
Gold:   5          SH:  0    Dex: 15    Spells: 5/6 levels left

rFire    . . .     SeeInvis .   a - +1 dagger
rCold    . . .     Faith    .   (no shield)
rNeg     . . .     Spirit   .   b - +0 robe
rPois    .         Reflect  .   (no helmet)
rElec    .         Harm     .   (no cloak)
rCorr    .         Rampage  .   (no gloves)
Will     .....                  (no boots)
Stlth    ++........             (no amulet)
HPRegen  0.03/turn              (no ring)
MPRegen  0.10/turn              (no ring)

@: hasted, very quick
A: no striking features
a: no special abilities


You were on level 2 of the Dungeon.
You visited 1 branch of the dungeon, and saw 2 of its levels.

You collected 5 gold pieces.

Inventory:

Hand Weapons
 a - a +1 dagger (weapon)
Armour
 b - a +0 robe (worn)
 e - a +0 ring mail of poison resistance
Potions
 c - a potion of magic


   Skills:
 + Level 1.0 Short Blades
 - Level 2.4 Dodging
 + Level 3.6 Stealth
 + Level 3.0 Spellcasting
 + Level 4.0 Hexes


You had 5 spell levels left.
You knew the following spells:

 Your Spells              Type           Power      Damage    Failure   Level
a - Corona                Hex            20%        N/A       2%          1

Your spell library contained the following spells:

 Spells                   Type           Power      Damage    Failure   Level
 Confusing Touch          Hex            18%        N/A       9%          3
 Tukima's Dance           Hex            18%        N/A       9%          3
 Ensorcelled Hibernation  Hex/Ice        20%        N/A       10%         2
 Dazzling Flash           Conj/Hex       20%        N/A       21%         3


Dungeon Overview and Level Annotations

Branches:
Dungeon (2/15)

Altars:


Message History

The bat closely misses you. The bat barely misses you. The jackal bites you.
You take 1 damage, and have 9/10 hp.
MP restored: 6 The jackal bites you but does no damage.
There is a stone staircase leading down here.
The bat hits you but does no damage. The jackal barely misses you.
The bat completely misses you. The jackal bites you.
You climb downwards.
Found 12 gold pieces.
There is a stone staircase leading up here.
You take 3 damage, and have 6/10 hp.
MASSIVE DAMAGE!!
The bat barely misses you. The jackal bites you.
You take 2 damage, and have 4/10 hp.
The bat hits you but does no damage. The bat closely misses you. x2
It was a potion of magic.
Magic courses through your body. The bat misses you.
It was a potion of haste.
You feel yourself speed up. The bat closely misses you.
You barely miss the bat. The bat barely misses you. The bat closely misses you.
You hit the bat but do no damage. The bat closely misses you.
You barely miss the bat. The bat hits you but does no damage. x3
Aiming: Corona (safe; 3% risk of failure)
Press: ? - help, Q - select action Shift-Dir - straight line, f - bat
Aim: a bat (chance to affect: 73%)
The bat is outlined in light.
The bat barely misses you.
You now have 5/6 mp.
You closely miss the bat. The bat closely misses you.
You hit the bat but do no damage. The bat hits you but does no damage.
The bat closely misses you.
You barely miss the bat. The bat barely misses you.
The bat completely misses you.
You hit the bat.
You kill the bat!
You closely miss the jackal. The jackal bites you.
* * * LOW HITPOINT WARNING * * *
You take 2 damage, and have 3/10 hp.
You closely miss the jackal. The jackal bites you.
You die...

#### ...
######.########
#......<.h@$..#
#.......#####.#
###......
#.####.# # ..
.## .. ##


You could see a jackal.

Vanquished Creatures
  A bat (D:2)
  A frilled lizard (D:1)
2 creatures vanquished.

Notes
Turn   | Place    | Note
-------+----------+-------------------------------------------
     0 | D:1      | jasper the Deep Elf Enchanter began the quest for the Orb.
     0 | D:1      | Reached XP level 1. HP: 10/10 MP: 6/6
   136 | D:2      | Slain by a jackal

Illustrated notes

Levels and vault maps discovered:
D:1:      lightli_arrival_flooded_house, layout_basic, minmay_tromino_v7
D:2:      cheibrodos_old_hovel, layout_basic, nicolae_ru_path_of_blood,
          guppyfry_early_orc_mine, uniq_jessica

Action                   || total
-------------------------++-------
Melee: Dagger            ||    10
 Cast: Corona            ||     2
  Use: Potion            ||     2
 Stab: Sleeping          ||     1
Armor: Robe              ||    13
Dodge: Dodged            ||    28

Table legend: (Time is in decaauts)
 A = Elapsed time spent in this place.
 B = Non-inter-level travel time spent in this place.
 C = Inter-level travel time spent in this place.
 D = Time resting spent in this place.
 E = Time spent auto-exploring this place.
 F = Levels seen in this place.
 G = Mean time per level.
                   A        B        C        D        E       F      G
               +--------+--------+--------+--------+--------+-----+--------+
         Total |    133 |    133 |      0 |      0 |     72 |   2 |   66.5 |
       Dungeon |    133 |    133 |      0 |      0 |     72 |   2 |   66.5 |
               +--------+--------+--------+--------+--------+-----+--------+

Top non-repeatable levels by time:
     D:1: 122 daAuts
     D:2: 11 daAuts
